AoeStats
← FJL

Arabia

508547025Analyzed
1v1 RM · 10d ago on Sep 23, 2026· 39m 7s· 2 players
Game mode
Random Map
Map size
Tiny (2 player)
Population
200
Speed
Normal
Resources
Standard
Victory
Conquest
Starting age
Dark Age
Ending age
Imperial Age
RankedLock teamsTeams togetherTeam positionsShared explorationLock speedFull tech treeHidden civsTurbo modeCheats
Victory
Defeat
🇦🇷 Gurjaras · Argentina
1863
+15
🇦🇷 Lithuanians · Argentina
1841
-15
FJL
6:05 Loom
8:51 Feudal Age
10:19 Double-Bit Axe
15:26 Fletching
19:36 Castle Age
18:12 Gold Mining
18:56 Padded Archer Armor
19:36 Horse Collar
20:14 Bodkin Arrow
20:00 Elite Skirmisher
20:37 Crossbowman
21:04 Crossbowman
22:57 Leather Archer Armor
23:26 Bow Saw
25:01 Ballistics
27:14 Wheelbarrow
28:14 Scale Barding Armor
30:11 Chain Barding Armor
33:45 Bloodlines
34:45 Forging
40:00 Iron Casting
DS_Kvothe
6:13 Loom
8:25 Feudal Age
7:13 Loom
9:00 Double-Bit Axe
9:50 Horse Collar
17:52 Castle Age
16:47 Fletching
18:38 Bodkin Arrow
19:00 Crossbowman
19:44 Gold Mining
20:05 Bow Saw
21:32 Ballistics
27:49 Thumb Ring
29:42 Scale Barding Armor
29:47 Forging
29:48 Bloodlines
29:38 Husbandry
33:49 Wheelbarrow
34:35 Chain Barding Armor
37:39 Imperial Age
36:02 Town Watch
37:43 Elite Shrivamsha Rider
37:43 Heavy Camel Rider
38:56 Hand Cart
38:55 Light Cavalry
Connection lost

Rejoining the realm…

Still unreachable

The connection could not be restored.

Session expired

The server has moved on; the page needs a fresh start.